 Dungeon Crawl Stone Soup version 0.28-a0-268-g3f656e82c2 (webtiles) character file.

Game seed: 9183575413179958137

158 Malachi the Ducker (level 5, -9/35 (36) HPs)
             Began as an Octopode Fighter on Aug 28, 2021.
             Was a Believer of Zin.
             Mangled by Colgate's ghost (16 damage)
             ... on level 3 of the Dungeon.
             The game lasted 00:02:21 (2857 turns).

Malachi the Ducker (Octopode Fighter)               Turns: 2857, Time: 00:02:21

HP:   -9/35 (36)    AC:  1    Str: 16    XL:     5   Next: 39%
MP:   5/5           EV: 11    Int: 17    God:    Zin [**....]
Gold: 100           SH:  8    Dex: 11    Spells: 4/4 levels left

rFire   . . .      SeeInvis .   g - +1 whip (distort)
rCold   . . .      Faith    .   b - +0 kite shield
rNeg    . . .      Spirit   .   (helmet restricted)
rPois   +          Reflect  .   (no amulet)
rElec   .          Harm     .   e - +6 ring of intelligence
rCorr   .          Rampage  .   (no ring)
Will    .....      Clarity  +   (no ring)
Stlth   +++.......              (no ring)
HPRegen 0.11/turn               (no ring)
MPRegen 0.09/turn               (no ring)
                                (no ring)
                                (no ring)

@: mighty, lightly drained
A: almost no armour, amphibious, 8 rings, camouflage 1, gelatinous body 1,
(nimble swimmer 1), tentacles, clarity, poison resistance
a: Renounce Religion, Recite, Vitalisation, Donate Gold


You were on level 3 of the Dungeon.
You worshipped Zin.
Zin was pleased with you.
You visited 1 branch of the dungeon, and saw 3 of its levels.

You collected 111 gold pieces.
You donated 11 gold pieces to Zin.

Inventory:

Hand Weapons
 a - a +0 war axe
 f - a +0 dagger of speed
 g - a +1 whip of distortion (weapon)
Armour
 b - a +0 kite shield (worn)
Jewellery
 e - a +6 ring of intelligence (left tentacle)
Scrolls
 j - a scroll of magic mapping {unknown}
Potions
 h - a potion of curing


   Skills:
 + Level 3.5 Fighting
 + Level 3.2 Axes
 + Level 0.4(2.0) Maces & Flails
 + Level 3.6 Dodging
 + Level 3.0 Stealth
 + Level 3.5 Shields


You had 4 spell levels left.
You didn't know any spells.
Your spell library was empty.

Dungeon Overview and Level Annotations

Branches:
Dungeon (3/15)

Altars:
Elyvilon
Qazlal
Zin

Annotations:
D:3 Colgate's ghost, amateur OgFi; Mandevil's ghost, weakling BaEn; jeb's ghost, amateur MiFi
Abyss:1 hemabe71's ghost, amateur HuAr


Innate Abilities, Weirdness & Mutations

You cannot wear most types of armour.
You are amphibious.
You can wear up to eight rings at the same time.
Your skin changes colour to match your surroundings (Stealth+).
Your rubbery body absorbs attacks. (AC +1, EV +1)
((You are camouflaged near water. (Stealth+)))
You have tentacles for arms and can constrict up to eight enemies at once.
You possess an exceptional clarity of mind.
Your system is resistant to poisons. (rPois)


Message History

You have reached level 5!
You feel stronger.
You barely miss Colgate's ghost. You block Colgate's ghost's attack.
Colgate's ghost hits you!
You hit Colgate's ghost but do no damage.
You hit jeb's ghost but do no damage.
Space bends around jeb's ghost.
Your squeeze misses jeb's ghost.
Jeb's ghost is lightly damaged.
Mandevil's ghost shouts, "I have seen your future, and it is all used up."
Colgate's ghost hits you!
* * * LOW HITPOINT WARNING * * *
Jeb's ghost barely misses you.
Blink to where?
Press: ? - help, Dir - move target
As you read the scroll labelled YCAPHY LECY, it crumbles to dust.
It was a scroll of blinking.
Mandevil's ghost whispers, "There is no future for you."
It was a potion of mutation.
You feel extremely strange.
You feel resistant to poisons. Zin protects your body from mutation!
Your thoughts seem clearer.
Zin forgives your inadvertent chaotic act, just this once.
It was a potion of curing.
You feel better.
You feel very mighty all of a sudden. Colgate's ghost hits you!
* * * LOW HITPOINT WARNING * * *
You whack Colgate's ghost!
Space bends around Colgate's ghost.
Colgate's ghost is moderately damaged.
Colgate's ghost completely misses you. Colgate's ghost hits you.
* * * LOW HITPOINT WARNING * * *
You feel better. Jeb's ghost hits you.
* * * LOW HITPOINT WARNING * * *
You feel drained.
* * * LOW HITPOINT WARNING * * *
You closely miss Colgate's ghost.
Colgate's ghost is moderately damaged.
You block Colgate's ghost's attack. You block jeb's ghost's attack.
Colgate's ghost hits you!
You die...

.....# #8.......8# ##..# #..####
...#.# #[.......$# ##.###......
.#.#.######'''##### #..........
...........W....#.## ####.......
..........#W.####..# #.......
..........#.### ##.#######.......
..............## #......##..#####
..........###..###......###.#####
..........# ##WW@W......# #......
..........# ####.......# ###....
########### ##......# #.....
#......# #..... ######## #.....
########### #.....
..........##################.....
#########........<...............
####################.....


You could see Colgate's ghost, Mandevil's ghost and jeb's ghost.

Vanquished Creatures
  2 adders (D:2)
  A worm (D:2)
  2 dart slugs (D:2)
  2 ball pythons
  4 bats
  8 endoplasms
  A giant cockroach (D:1)
  6 goblins (D:2)
  6 hobgoblins
  2 jackals (D:2)
  4 quokkas
  2 frilled lizards
  4 kobolds
  3 rats
47 creatures vanquished.

Vanquished Creatures (others)
  2 withered plants (D:3)
2 creatures vanquished.

Grand Total: 49 creatures vanquished

Notes
Turn   | Place    | Note
-------+----------+-------------------------------------------
     0 | D:1      | Malachi the Octopode Fighter began the quest for the Orb.
     0 | D:1      | Reached XP level 1. HP: 16/16 MP: 1/1
   271 | D:1      | Reached XP level 2. HP: 18/21 MP: 2/2
   275 | D:1      | Found a faded altar of an unknown god.
   575 | D:1      | Became a worshipper of Zin the Law-Giver
   575 | D:1      | Reached * piety under Zin
  1099 | D:2      | Reached XP level 3. HP: 17/26 MP: 3/3
  1417 | D:2      | Reached skill level 1 in Stealth
  1668 | D:2      | Reached XP level 4. HP: 20/31 MP: 4/4
  2305 | D:3      | Reached ** piety under Zin
  2439 | D:3      | Found a stormy altar of Qazlal.
  2611 | D:3      | Found a runed translucent gate.
  2612 | D:3      | Found a runed translucent gate.
  2613 | D:3      | Found a runed translucent gate.
  2614 | D:3      | Noticed Mandevil's ghost (weakling BaEn)
  2617 | D:3      | Noticed jeb's ghost (amateur MiFi)
  2618 | D:3      | Noticed Colgate's ghost (amateur OgFi)
  2618 | D:3      | Noticed hemabe71's ghost (amateur HuAr)
  2699 | D:3      | Found a white marble altar of Elyvilon.
  2846 | D:3      | Banished hemabe71's ghost
  2847 | D:3      | Reached XP level 5. HP: 30/36 MP: 5/5
  2851 | D:3      | Gained mutation: Your system is resistant to poisons.
                  | (rPois) [potion of mutation]
  2851 | D:3      | Gained mutation: You possess an exceptional clarity of
                  | mind. [potion of mutation]
  2857 | D:3      | Mangled by Colgate's ghost

Illustrated notes

Levels and vault maps discovered:
D:1:      dpeg_arrival_simpleton_b, layout_loops_ring,
          shapermc_ecumenical_altar_pompeii
D:2:      layout_basic
D:3:      layout_rooms, grunt_qazlal_sundering, elyvilon_altar_4,
          gammafunk_ghost_cemetery

Skill      XL: |  1  2  3  4 |
---------------+-------------+-----
Stealth        | 1 3 |  3.0
Axes           | 3 |  3.2
Fighting       | |  3.5
Maces & Flails | |  0.4
Dodging        | |  3.6
Shields        | |  3.5

Action                   |  1- 3 |  4- 6 || total
-------------------------+-------+-------++-------
Melee: War axe           |    54 |    16 ||    70
       Constrict         |    11 |     3 ||    14
       Tentacles         |     5 |     3 ||     8
       Whip              |       |    16 ||    16
  Use: Potion            |       |     4 ||     4
       Scroll            |       |     1 ||     1
 Stab: Sleeping          |     8 |     4 ||    12
Armor: Skin              |     7 |       ||     7
Dodge: Dodged            |    27 |    10 ||    37
Block: Kite shield       |    19 |    11 ||    30

Table legend: (Time is in decaauts)
 A = Elapsed time spent in this place.
 B = Non-inter-level travel time spent in this place.
 C = Inter-level travel time spent in this place.
 D = Time resting spent in this place.
 E = Time spent auto-exploring this place.
 F = Levels seen in this place.
 G = Mean time per level.
                   A        B        C        D        E       F      G
               +--------+--------+--------+--------+--------+-----+--------+
         Total |   2903 |   2786 |    117 |    357 |   2056 |   3 |  967.7 |
       Dungeon |   2903 |   2786 |    117 |    357 |   2056 |   3 |  967.7 |
               +--------+--------+--------+--------+--------+-----+--------+

Top non-repeatable levels by time:
     D:2: 1239 daAuts
     D:1: 1076 daAuts
     D:3: 587 daAuts
